 Dungeon Crawl Stone Soup version 0.31-a0-188-g5e087ee2ca (webtiles) character file.

Game seed: 7143126202045358612

5938 qw the Markself (level 10, -3/59 HPs)
             Began as a Deep Elf Hunter on June 22, 2023.
             Was a Believer of Okawaru.
             Slain by a yak (6 damage)
             ... on level 10 of the Dungeon.
             The game lasted 00:03:13 (7896 turns).

qw the Markself (Deep Elf Hunter)                   Turns: 7896, Time: 00:03:14

Health: -3/59      AC:  7    Str: 22    XL:     10   Next: 54%
Magic:  13/15      EV: 21    Int: 15    God:    Okawaru [**....]
Gold:   497        SH:  0    Dex: 20    Spells: 9/9 levels left

rFire   + + .        r - +0 arbalest
rCold   + + .        (shield currently unavailable)
rNeg    + + .        k - +3 leather armour of Agoraphobia {rC++}
rPois   +            b - +1 hat "Kaenkugi" {-Cast rPois rN++ Stlth+}
rElec   .            (no cloak)
rCorr   .            (no gloves)
SInv    .            (no boots)
Will    +....        g - amulet of faith
Stlth   ++++         j - ring "Meisided" {rF++ Str+6}
HPRegen 0.29/turn    o - +6 ring of strength
MPRegen 0.14/turn

%: no spellcasting, faith
@: about to teleport, heroic
A: no striking features
a: Renounce Religion, Heroism


You were on level 10 of the Dungeon.
You worshipped Okawaru.
Okawaru was pleased with you.
You visited 2 branches of the dungeon, and saw 11 of its levels.

You collected 497 gold pieces.


   Skills:
 - Level 5.4(10.4) Fighting
 + Level 16.5(21.5) Ranged Weapons
 - Level 1.4(6.4) Armour
 - Level 8.0(13.0) Dodging
 - Level 1.2(6.2) Stealth
 - Level 4.1 Invocations


You had 9 spell levels left.
You didn't know any spells.
Your spell library was empty.

Inventory:

Hand Weapons
 r - a +0 arbalest (weapon)
Armour
 b - the +1 hat "Kaenkugi" (worn) {-Cast rPois rN++ Stlth+}
   (You found it on level 2 of the Dungeon)

   rPois:     It protects you from poison.
   rN:        It greatly protects you from negative energy.
   -Cast:     It prevents spellcasting.
   Stlth:     It makes you more stealthy.
 e - a +1 leather armour of fire resistance
 h - +0 acid dragon scales
 k - the +3 leather armour of Agoraphobia (worn) {rC++}
   (You found it on level 7 of the Dungeon)

   rC:        It greatly protects you from cold.
 m - a +1 leather armour of poison resistance
 p - a +0 troll leather armour
 q - a +2 robe of resistance
Jewellery
 g - an amulet of faith (around neck)
 j - the ring "Meisided" (left hand) {rF++ Str+6}
   (You acquired it on level 6 of the Dungeon)

   [ring of strength]

   Str:       It affects your strength (+6).
   rF:        It greatly protects you from fire.
 o - a +6 ring of strength (right hand)
Scrolls
 a - 3 scrolls of identify
Potions
 f - a potion of resistance
 i - 2 potions of curing
 l - a potion of cancellation
 n - a potion of haste

Dungeon Overview and Level Annotations

Branches:
Dungeon (10/15)            Temple (1/1) D:7
   Lair: D:8-11         Orc: D:9-12

Altars:
Ashenzari
Cheibriados
Dithmenos
Elyvilon
Fedhas
Gozag
Hepliaklqana
Kikubaaqudgha
Makhleb
Nemelex Xobeh
Okawaru
Qazlal
Ru
Sif Muna
Trog
Uskayaw
Vehumet
Wu Jian
Xom
Yredelemnul
Zin
The Shining One

Shops:
D:1 [   D:5 =

Annotations:
D:4 2 transporters, 1 runed translucent door, Crazy Yiuf


Message History

The yak is severely wounded.
You shoot a bolt. The bolt hits the yak.
The yak is almost dead.
A yak comes into view.
You shoot a bolt.
The bolt hits the yak but does no damage.
The yak is almost dead.
The yak completely misses you.
You shoot a bolt. The bolt barely misses the yak.
The bolt hits the yak!
The yak is moderately wounded.
The yak gores you!
You shoot a bolt. The bolt hits the yak!
You kill the yak!
Okawaru accepts your kill.
A yak comes into view.
The yak gores you but does no damage.
You shoot a bolt. The bolt hits the yak!!
The yak is severely wounded.
The yak barely misses you. The yak closely misses you.
You shoot a bolt. The bolt hits the yak!!
You kill the yak!
Okawaru accepts your kill. The yak gores you! The yak misses you.
7892 ||| INVOKING Heroism.
You gain the combat prowess of a mighty hero.
The yak misses you. x2; The yak completely misses you.
You shoot a bolt. The bolt closely misses the yak.
The yak gores you! The yak barely misses you. The yak gores you!
You shoot a bolt. The bolt hits the yak.
The yak is moderately wounded.
The yak misses you. The yak gores you but does no damage.
The yak completely misses you.
You shoot a bolt. The bolt hits the yak!!
The yak is almost dead.
The yak gores you. The yak misses you. The yak gores you!
7896 ||| READING scroll of teleportation.
As you read the scroll of teleportation, it crumbles to dust.
You feel strangely unstable. The yak gores you but does no damage.
The yak gores you.
You die...

.. ... ... #..
#.# #.# ##YY#
#@Y# ##Y##
##..###
##.....##
#.......###
#..........## ##
....##........##
. ###.
#.........## .
##..#.......).##


You could see 4 yaks.

Vanquished Creatures
  Erica (D:10)
  A two-headed ogre (D:8)
  A troll (D:10)
  Prince Ribbit (D:7)
  A hornet (D:8)
  Sigmund (D:3)
  A wyvern (D:9)
  Eustachio (D:6)
  2 yaks (D:10)
  2 vampire mosquitoes (D:10)
  2 steam dragons
  Duvessa (D:7)
  An acid dragon (D:9)
  2 sky beasts
  4 orc warriors
  3 centaurs
  A bullfrog (D:6)
  2 gnoll sergeants
  2 scorpions
  A wight (D:8)
  Dowan (D:7)
  4 killer bees (D:9)
  A howler monkey (D:5)
  4 jellies
  4 hounds
  5 orc priests
  2 gnoll boudas (D:9)
  2 sleepcaps
  Ijyb (D:3)
  Jessica (D:2)
  5 iguanas
  7 orc wizards
  17 gnolls
  8 adders
  2 white imps
  An ufetubus (D:6)
  A worm (D:2)
  6 dart slugs
  24 orcs
  7 bats
  8 endoplasms
  A giant cockroach (D:3)
  12 goblins
  8 hobgoblins
  3 jackals (D:3)
  4 quokkas
  7 ball pythons
  4 frilled lizards
  9 kobolds
  10 rats
200 creatures vanquished.

Notes
Turn   | Place    | Note
-------+----------+-------------------------------------------
     0 | D:1      | qw the Deep Elf Hunter began the quest for the Orb.
     0 | D:1      | Reached XP level 1. HP: 12/12 MP: 3/3
     0 | D:1      | 0 ||| qw: Version: 0.3-a-9-g12657ce
     0 | D:1      | 0 ||| qw: Game counter: 3044
     0 | D:1      | 0 ||| qw: Always use a shield: true
     0 | D:1      | 0 ||| qw: God list: Okawaru
     0 | D:1      | 0 ||| qw: Allow faded altars: false
     0 | D:1      | 0 ||| qw: Do Orc after D:15 true
     0 | D:1      | 0 ||| qw: Do second Lair branch before Depths: true
     0 | D:1      | 0 ||| qw: Lair rune preference: random
     0 | D:1      | 0 ||| qw: Plans: Normal
     0 | D:1      | 0 ||| PLANNING D:1-11
     6 | D:1      | Noticed a black bear
     6 | D:1      | Noticed a salamander
     6 | D:1      | Noticed a swamp worm
     7 | D:1      | Noticed a wolf
     7 | D:1      | Noticed a swamp drake
    13 | D:1      | 13 ||| DROPPING scroll of butterflies.
    96 | D:1      | Reached skill level 6 in Ranged Weapons
    96 | D:1      | Reached XP level 2. HP: 15/16 MP: 4/4
   110 | D:1      | Found Cokhy Tishu's Armour Boutique.
   114 | D:1      | 114 ||| SHOPLISTING +0 ring mail (52 gold, have 0).
   114 | D:1      | 114 ||| SHOPLISTING scarf of resistance (416 gold, have 0).
   206 | D:1      | 206 ||| FLEEEEING.
   207 | D:1      | 207 ||| FLEEEEING.
   208 | D:1      | 208 ||| FLEEEEING.
   209 | D:1      | 209 ||| FLEEEEING.
   210 | D:1      | 210 ||| FLEEEEING.
   517 | D:1      | Reached XP level 3. HP: 20/20 MP: 5/5
   625 | D:1      | 625 ||| READING 3 scrolls labelled RIMAAK ELIWI.
   626 | D:1      | 626 ||| READING scroll labelled DEFOOD VUHEJID.
   627 | D:1      | 627 ||| READING scroll labelled WIRILAUWNU.
   628 | D:1      | 628 ||| READING scroll labelled PAGGAGI ACOZ.
   629 | D:1      | 629 ||| DRINKING 2 fuming silvery potions.
   630 | D:1      | 630 ||| DRINKING 2 fizzy sapphire potions.
   692 | D:2      | Found a white marble altar of Elyvilon.
   784 | D:2      | Reached skill level 7 in Ranged Weapons
   820 | D:2      | Identified the +1 hat "Kaenkugi" {-Cast rPois rN++ Stlth+}
   861 | D:2      | Noticed Jessica
   862 | D:2      | Killed Jessica
   863 | D:2      | Reached XP level 4. HP: 25/25 MP: 6/6
  1052 | D:2      | 1052 ||| UPGRADING to +1 hat "Kaenkugi" {-Cast rPois rN++
                  | Stlth+}.
  1057 | D:2      | 1057 ||| READING scroll labelled VAQYSERABLU.
  1075 | D:3      | Noticed Ijyb
  1086 | D:3      | Killed Ijyb
  1087 | D:3      | Reached skill level 8 in Ranged Weapons
  1187 | D:3      | Reached XP level 5. HP: 29/29 MP: 7/7
  1193 | D:3      | Noticed Sigmund
  1201 | D:3      | 1201 ||| DRINKING 2 potions of curing.
  1201 | D:3      | 1201 ||| (to cure confusion)
  1208 | D:3      | 1208 ||| DRINKING potion of curing.
  1208 | D:3      | 1208 ||| (to cure confusion)
  1213 | D:3      | Killed Sigmund
  1214 | D:3      | Reached skill level 9 in Ranged Weapons
  1214 | D:3      | Reached XP level 6. HP: 11/34 MP: 8/8
  1276 | D:3      | 1276 ||| FLEEEEING.
  1279 | D:3      | 1279 ||| FLEEEEING.
  1280 | D:3      | 1280 ||| FLEEEEING.
  1281 | D:3      | 1281 ||| FLEEEEING.
  1282 | D:3      | 1282 ||| FLEEEEING.
  1283 | D:3      | 1283 ||| FLEEEEING.
  1284 | D:3      | 1284 ||| FLEEEEING.
  1287 | D:3      | 1287 ||| FLEEEEING.
  1288 | D:3      | 1288 ||| FLEEEEING.
  1289 | D:3      | 1289 ||| FLEEEEING.
  1290 | D:3      | 1290 ||| FLEEEEING.
  1291 | D:3      | 1291 ||| FLEEEEING.
  1292 | D:3      | 1292 ||| FLEEEEING.
  1293 | D:3      | 1293 ||| FLEEEEING.
  1564 | D:3      | Reached skill level 3 in Dodging
  1917 | D:3      | 1917 ||| UPGRADING to +1 leather armour of fire resistance.
  1927 | D:3      | 1927 ||| DROPPING +0 leather armour.
  1928 | D:3      | 1928 ||| READING scroll labelled ZIOKKAU ALIRHUV.
  1929 | D:3      | 1929 ||| READING scroll labelled COENUS DOCIONE.
  1930 | D:3      | 1930 ||| READING scroll labelled BACUTISKAURU.
  1931 | D:3      | 1931 ||| READING 4 scrolls of identify.
  1931 | D:3      | 1931 ||| IDENTIFYING smoky sapphire potion
  1932 | D:3      | 1932 ||| READING 3 scrolls of identify.
  1932 | D:3      | 1932 ||| IDENTIFYING silvery potion
  1933 | D:3      | 1933 ||| READING 2 scrolls of identify.
  1933 | D:3      | 1933 ||| IDENTIFYING fizzy brown potion
  1934 | D:3      | 1934 ||| DROPPING potion of attraction.
  1935 | D:3      | 1935 ||| DROPPING potion of lignification.
  2130 | D:4      | Reached skill level 10 in Ranged Weapons
  2169 | D:4      | Found a transporter.
  2262 | D:4      | Reached XP level 7. HP: 40/40 MP: 9/9
  2312 | D:4      | Found a runed translucent door.
  2313 | D:4      | Noticed Crazy Yiuf
  2409 | D:4      | Found a transporter.
  2411 | D:4      | Noticed a fire bat
  2521 | D:4      | 2521 ||| READING scroll labelled KILEIR ROARU.
  2522 | D:4      | 2522 ||| READING scroll labelled QOAZAA SAOGEI.
  2523 | D:4      | 2523 ||| READING 2 scrolls of identify.
  2523 | D:4      | 2523 ||| IDENTIFYING puce potion
  2560 | D:5      | Entered Level 5 of the Dungeon
  2571 | D:5      | Found Batiq's Jewellery Boutique.
  2574 | D:5      | 2574 ||| SHOPLISTING +6 ring of strength (432 gold, have
                  | 198).
  2574 | D:5      | 2574 ||| SHOPLISTING amulet of reflection (360 gold, have
                  | 198).
  2574 | D:5      | 2574 ||| SHOPLISTING amulet of the acrobat (360 gold, have
                  | 198).
  2574 | D:5      | 2574 ||| SHOPLISTING ring "Xileblah" {Will+ EV+5} (583
                  | gold, have 198).
  2574 | D:5      | 2574 ||| SHOPLISTING ring of fire (300 gold, have 198).
  2574 | D:5      | 2574 ||| SHOPLISTING ring of poison resistance (240 gold,
                  | have 198).
  2592 | D:5      | 2592 ||| Stepping ~*~*~tactically~*~*~ (outnumbered).
  2722 | D:5      | Noticed a steam dragon
  2730 | D:5      | Killed a steam dragon
  2731 | D:5      | Reached skill level 11 in Ranged Weapons
  3256 | D:5      | 3256 ||| UPGRADING to amulet of faith.
  3261 | D:5      | 3261 ||| READING scroll labelled SOK LOROYH.
  3362 | D:5      | 3362 ||| READING scroll labelled WIRYOS MIOFES.
  3363 | D:5      | 3363 ||| DRINKING 2 yellow potions.
  3364 | D:5      | 3364 ||| DROPPING potion of brilliance.
  3434 | D:6      | Reached skill level 12 in Ranged Weapons
  3438 | D:6      | Reached XP level 8. HP: 45/45 MP: 10/10
  3536 | D:6      | 3536 ||| Stepping ~*~*~tactically~*~*~ (outnumbered).
  3544 | D:6      | Reached skill level 3 in Fighting
  3944 | D:6      | Reached skill level 13 in Ranged Weapons
  3966 | D:6      | Found a sacrificial altar of Ru.
  3980 | D:6      | Found an ancient bone altar of Kikubaaqudgha.
  3984 | D:6      | Found a bloodstained altar of Trog.
  4059 | D:6      | Noticed Eustachio
  4071 | D:6      | Killed Eustachio
  4506 | D:6      | Reached skill level 14 in Ranged Weapons
  4529 | D:6      | 4529 ||| READING scroll labelled WUNIM YZXEDIQIMUTZ.
  4529 | D:6      | Identified a scroll of acquirement
  4529 | D:6      | 4529 ||| ACQUIRING ring "Meisided" {rF++ Str+6}
  4529 | D:6      | Acquired the ring "Meisided" {rF++ Str+6}
  4531 | D:6      | 4531 ||| UPGRADING to ring "Meisided" {rF++ Str+6}.
  4532 | D:6      | 4532 ||| UPGRADING to +0 ring mail.
  4542 | D:6      | 4542 ||| READING 2 scrolls of identify.
  4542 | D:6      | 4542 ||| IDENTIFYING purple potion
  4543 | D:6      | 4543 ||| DROPPING potion of degeneration.
  4639 | D:7      | Found a staircase to the Ecumenical Temple.
  4640 | D:7      | 4640 ||| PLANNING TEMPLE
  4648 | Temple   | Entered the Ecumenical Temple
  4713 | Temple   | 4713 ||| PLANNING OKAWARU WORSHIP
  4946 | Temple   | Became a worshipper of Warmaster Okawaru
  4947 | Temple   | 4947 ||| PLANNING D:1-11
  5059 | D:7      | Reached skill level 1 in Armour
  5176 | D:7      | Identified the +3 leather armour of Agoraphobia {rC++}
  5189 | D:7      | Noticed Dowan
  5193 | D:7      | Noticed Duvessa
  5195 | D:7      | Killed Dowan
  5198 | D:7      | Noticed Prince Ribbit
  5206 | D:7      | HP: 7/46 [Prince Ribbit (6)]
  5207 | D:7      | 5207 ||| READING scroll of teleportation.
  5208 | D:7      | 5208 ||| DRINKING 2 potions of heal wounds.
  5210 | D:7      | Killed Duvessa
  5211 | D:7      | Reached XP level 9. HP: 23/52 MP: 11/11
  5367 | D:7      | Reached * piety under Okawaru
  5450 | D:7      | 5450 ||| INVOKING Heroism.
  5463 | D:7      | Killed Prince Ribbit
  5464 | D:7      | Reached skill level 6 in Dodging
  5495 | D:7      | 5495 ||| INVOKING Heroism.
  5499 | D:7      | Reached skill level 1 in Invocations
  5665 | D:7      | 5665 ||| SWAPPING to +0 orcbow.
  5666 | D:7      | 5666 ||| DROPPING +1 shortbow of draining.
  5681 | D:7      | Found a hazy altar of Hepliaklqana.
  5780 | D:7      | 5780 ||| UPGRADING to +3 leather armour of Agoraphobia
                  | {rC++}.
  5790 | D:7      | 5790 ||| DROPPING +0 ring mail.
  5850 | D:8      | 5850 ||| INVOKING Heroism.
  5854 | D:8      | HP: 10/52 [hornet (8)]
  5855 | D:8      | 5855 ||| DRINKING potion of heal wounds.
  5955 | D:8      | 5955 ||| INVOKING Heroism.
  6031 | D:8      | 6031 ||| INVOKING Heroism.
  6036 | D:8      | Reached skill level 3 in Invocations
  6191 | D:8      | Found a flagged portal.
  6198 | D:8      | 6198 ||| INVOKING Heroism.
  6311 | D:8      | Noticed a two-headed ogre
  6312 | D:8      | 6312 ||| INVOKING Heroism.
  6319 | D:8      | Killed a two-headed ogre
  6320 | D:8      | Reached skill level 15 in Ranged Weapons
  6344 | D:8      | Found a shimmering altar of Xom.
  6542 | D:8      | 6542 ||| DROPPING scarf of harm.
  6629 | D:9      | 6629 ||| FLEEEEING.
  6630 | D:9      | 6630 ||| FLEEEEING.
  6631 | D:9      | 6631 ||| FLEEEEING.
  6632 | D:9      | 6632 ||| FLEEEEING.
  6633 | D:9      | 6633 ||| FLEEEEING.
  6634 | D:9      | 6634 ||| FLEEEEING.
  6635 | D:9      | 6635 ||| FLEEEEING.
  6636 | D:9      | 6636 ||| FLEEEEING.
  6637 | D:9      | 6637 ||| FLEEEEING.
  6638 | D:9      | 6638 ||| FLEEEEING.
  6639 | D:9      | 6639 ||| STAIRDANCE
  6716 | D:9      | Reached ** piety under Okawaru
  6781 | D:9      | Reached XP level 10. HP: 56/56 MP: 15/15
  6799 | D:9      | 6799 ||| INVOKING Heroism.
  6918 | D:9      | Found a broken altar of Ashenzari.
  6919 | D:9      | 6919 ||| INVOKING Heroism.
  6936 | D:9      | Reached skill level 16 in Ranged Weapons
  7214 | D:9      | 7214 ||| INVOKING Heroism.
  7419 | D:9      | 7419 ||| UPGRADING to +6 ring of strength.
  7420 | D:9      | 7420 ||| DRINKING 2 sedimented red potions.
  7434 | D:10     | Entered Level 10 of the Dungeon
  7460 | D:10     | 7460 ||| INVOKING Heroism.
  7546 | D:10     | 7546 ||| INVOKING Heroism.
  7611 | D:10     | 7611 ||| READING scroll of enchant weapon.
  7611 | D:10     | 7611 ||| ENCHANTING +0 orcbow.
  7716 | D:10     | Noticed Erica
  7717 | D:10     | 7717 ||| INVOKING Heroism.
  7741 | D:10     | Killed Erica
  7849 | D:10     | 7849 ||| SWAPPING to +0 arbalest.
  7872 | D:10     | 7872 ||| DROPPING +1 orcbow.
  7892 | D:10     | 7892 ||| INVOKING Heroism.
  7895 | D:10     | HP: 3/59 [yak (12)]
  7896 | D:10     | 7896 ||| READING scroll of teleportation.
  7896 | D:10     | Slain by a yak

Levels and vault maps discovered:
D:1:      onia_arrival_zoo_common, layout_basic, serial_shops,
          nicolae_shop_pleasant_corner_grove
D:2:      layout_basic, basic_altar, uniq_jessica
D:3:      layout_loops_ring, serial_forest, infiniplex_forest_clump_large,
          infiniplex_forest_clump_C, infiniplex_forest_end_2,
          infiniplex_forest_clump_curved, infiniplex_forest_straight_1,
          st_stairs_6, hangedman_feature_mirror, minmay_vboxes, uniq_ijyb,
          uniq_sigmund
D:4:      gammafunk_cloud_chamber, layout_basic, uniq_crazy_yiuf_cottage
D:5:      layout_basic, serial_shops, nicolae_shop_tiny_real_fake_doors,
          hellmonk_bongcloud_opening
D:6:      layout_basic, minitemple, uniq_eustachio
D:7:      layout_gridville, nzn_hepliaklqana_mist_gate,
          minmay_temple_entry_sparse_star, kennysheep_generic_room_12,
          uniq_duvessa, uniq_prince_ribbit1
D:8:      layout_cave_pools, xom_teletrap_fun, enter_bailey_3,
          kennysheep_generic_room_4
D:9:      layout_roguey, mainiacjoe_overflow_tiny_flanked
D:10:     layout_cave_pods, chequers_serial_rivers_micro_e, uniq_erica,
          uniq_urug
Temple:   minmay_temple_bridge_d

Skill      XL: |  1  2  3  4  5  6  7  8  9 10 |
---------------+-------------------------------+-----
Ranged Weapons | 6 7 8 9 10 12 14 15 16 | 16.5
Dodging        | 4 5 7 8 |  8.0
Fighting       | 2 3 4 5 |  5.4
Armour         | 1 |  1.4
Invocations    | 4 |  4.1
Stealth        | |  1.2

Action                     |  1- 3 |  4- 6 |  7- 9 | 10-12 || total
---------------------------+-------+-------+-------+-------++-------
   Fire: Shortbow          |    80 |   143 |   216 |       ||   439
         Orcbow            |       |       |   119 |   124 ||   243
         Arbalest          |       |       |       |    21 ||    21
 Invoke: Heroism           |       |       |     7 |     7 ||    14
    Use: Scroll            |     4 |     7 |     8 |     2 ||    21
         Potion            |     2 |     2 |     3 |     1 ||     8
 Armour: Leather armour    |     6 |    10 |    18 |    13 ||    47
         Ring mail         |       |       |     2 |       ||     2
  Dodge: Dodged            |    12 |    27 |    68 |    52 ||   159

Table legend:
 A = Non-vault XP
 B = Vault XP
 C = Vault XP percentage of total XP
 D = Non-vault monster count
 E = Vault monster count
 F = Vault count percentage of total count
                 A         B        C        D         E       F
            +---------+---------+-------+---------+---------+-------
      Total |    6209 |    2274 |  26.8 |     176 |      24 |  12.0
            +---------+---------+-------+---------+---------+-------
        D:1 |      47 |       0 |   0.0 |      25 |       0 |   0.0
        D:2 |      35 |      37 |  51.4 |      17 |       1 |   5.6
        D:3 |      78 |     321 |  80.5 |      26 |      11 |  29.7
        D:4 |     230 |       0 |   0.0 |      14 |       0 |   0.0
        D:5 |     490 |       0 |   0.0 |      13 |       0 |   0.0
        D:6 |    1049 |     202 |  16.1 |      22 |       1 |   4.3
        D:7 |     332 |     633 |  65.6 |      12 |       4 |  25.0
        D:8 |    1489 |     218 |  12.8 |      12 |       6 |  33.3
        D:9 |    1074 |       0 |   0.0 |      22 |       0 |   0.0
       D:10 |    1385 |     863 |  38.4 |      13 |       1 |   7.1
            +---------+---------+-------+---------+---------+-------
